 Dungeon Crawl Stone Soup version 0.28.0-43-g3370ac3207 (webtiles) character file.

Game seed: 13665423071412364565

82 cbfl8 the Covert (level 4, -1/35 HPs)
             Began as a Vampire Delver on Mar 19, 2022.
             Slain by Sigmund
             ... wielding a +6 scythe of protection
              (12 damage)
             ... on level 2 of the Dungeon.
             The game lasted 00:05:07 (1526 turns).

cbfl8 the Covert (Vampire Delver)                   Turns: 1526, Time: 00:05:08

Health: -1/35      AC:  4    Str: 13    XL:     4   Next: 21%
Magic:  3/4        EV: 12    Int: 12    God:
Gold:   79         SH:  0    Dex: 15    Spells: 1/3 levels left

rFire   . . .      SeeInvis +   a - +0 falchion
rCold   . . .      Faith    .   m - orb {*channel}
rNeg    . . .      Spirit   .   b - +0 leather armour
rPois   .          Reflect  .   (no helmet)
rElec   .          Harm     .   (no cloak)
rCorr   .          Rampage  .   i - +0 pair of gloves
Will    .....                   (no boots)
Stlth   ++++......              (no amulet)
HPRegen 0.31/turn               (no ring)
MPRegen 0.09/turn               (no ring)

@: healing quickly
A: alive, fangs 3, see invisible, vampiric 2
a: Exsanguinate


You were on level 2 of the Dungeon.
You visited 1 branch of the dungeon, and saw 4 of its levels.

You collected 79 gold pieces.

Inventory:

Hand Weapons
 a - a +0 falchion (weapon)
Armour
 b - a +0 leather armour (worn)
 i - a +0 pair of gloves (worn)
 m - an orb of energy (worn)
Magical Staves
 h - a staff of fire
Wands
 g - a wand of digging (3)
Scrolls
 c - a scroll of fog
 e - a scroll of blinking {unknown}
 j - a scroll of amnesia {unknown}
 k - 2 scrolls of teleportation {unknown}
 l - a scroll of enchant armour {unknown}
Potions
 d - a potion of berserk rage {unknown}
 f - a potion of haste


   Skills:
 + Level 3.0 Fighting
 + Level 2.7 Long Blades
 + Level 1.2 Armour
 + Level 2.7 Dodging
 + Level 8.1 Stealth


You had one spell level left.
You knew the following spells:

 Your Spells              Type           Power      Damage    Failure   Level
a - Scorch                Fire           0%         2d5       54%         2

Your spell library contained the following spells:

 Spells                   Type           Power      Damage    Failure   Level
 Flame Wave               Conj/Fire      0%         2d4       99%         4
 Summon Cactus Giant      Summ           0%         N/A       100%        6


Dungeon Overview and Level Annotations

Branches:
Dungeon (5/15)
 Temple: D:4-7

Altars:
Wu Jian
Xom

Annotations:
D:2 Sigmund
D:4 Edmund


Innate Abilities, Weirdness & Mutations

Your natural rate of healing is accelerated.
You have razor-sharp teeth.
You have supernaturally acute eyesight. (SInv)
You are afflicted with vampirism and can become a bat while bloodless.


Message History

Confirm with . or Enter, or press ? or * to list all spells.
You don't know that spell.
Casting: Scorch (quite dangerous; 54% risk of failure)
Confirm with . or Enter, or press ? or * to list all spells.
The spell is quite dangerous to miscast (54% risk of failure)!
Continue anyway?
You miscast Scorch.
You are very lightly contaminated with residual magic.
Nothing appears to happen.
Sigmund barely misses you. Sigmund barely misses you.
You hit Sigmund but do no damage. You hit Sigmund but do no damage.
Sigmund closely misses you.
You completely miss Sigmund.
Sigmund hits you with a +6 scythe of protection!
You hit Sigmund but do no damage.
Sigmund hits you with a +6 scythe of protection.
You hit Sigmund but do no damage. Sigmund closely misses you.
You hit Sigmund but do no damage.
Your magical contamination has completely faded away.
You closely miss Sigmund. You bite Sigmund, but do no damage.
Sigmund misses you.
You hit Sigmund but do no damage.
Sigmund points at you and mumbles some strange words.
You resist with some effort.
You hit Sigmund.
Sigmund is lightly wounded.
Sigmund screams, "Don't try to resist!"
Sigmund hits you with a +6 scythe of protection!
You hit Sigmund but do no damage.
Sigmund is lightly wounded.
Sigmund smiles chillingly.
Sigmund points at you and mumbles some strange words.
You resist with some effort.
You hit Sigmund. You bite Sigmund, but do no damage.
Sigmund is moderately wounded.
Sigmund hits you with a +6 scythe of protection!
* * * LOW HITPOINT WARNING * * *
You closely miss Sigmund.
Sigmund is moderately wounded.
Sigmund hits you with a +6 scythe of protection!
You die...

..#. ... ##.. .... #.## #..#
######## #######..
####.#######......#.##........
................@@...>.#
####..#####..####.####'# ##.#
#..# )#...@..# #..# #..#
.#......# ##.# #..# .'......#
.# #..# ##......# .. #...
######## #.# #..)


You could see Sigmund.

Vanquished Creatures
  An adder (D:3)
  3 gnolls (D:2)
  An ufetubus (D:5)
  A worm (D:3)
  5 orcs
  2 ball pythons (D:3)
  3 bats
  2 endoplasms (D:3)
  2 giant cockroaches (D:3)
  3 goblins
  2 hobgoblins (D:3)
  A quokka (D:3)
  2 frilled lizards
  2 kobolds (D:3)
30 creatures vanquished.

Notes
Turn   | Place    | Note
-------+----------+-------------------------------------------
     0 | D:5      | cbfl8 the Vampire Delver began the quest for the Orb.
     0 | D:5      | Reached XP level 1. HP: 17/17 MP: 1/1
    30 | D:5      | Found an ornate altar of the Wu Jian Council.
    30 | D:5      | Found a shimmering altar of Xom.
   189 | D:4      | Noticed Edmund
   277 | D:3      | Reached XP level 2. HP: 15/23 MP: 2/2
   474 | D:2      | Noticed Sigmund
   504 | D:3      | Gained mutation: You are afflicted with vampirism and can
                  | become a bat while bloodless. [Vampire growth]
   504 | D:3      | Reached XP level 3. HP: 5/28 MP: 3/3
   885 | D:4      | Reached skill level 8 in Stealth
  1109 | D:2      | Reached skill level 1 in Armour
  1112 | D:2      | Reached XP level 4. HP: 28/35 MP: 4/4
  1473 | D:2      | Noticed an ogre
  1489 | D:2      | Learned a level 2 spell: Scorch
  1507 | D:2      | Identified the ring "Ixay" {rElec AC+4}
  1526 | D:2      | Slain by Sigmund

Illustrated notes

Levels and vault maps discovered:
D:2:      layout_basic, uniq_crazy_yiuf_cottage, uniq_sigmund, uniq_natasha
D:3:      layout_basic, nicolae_hepliaklqana_ecumenical_no_more,
          hangedman_decor_diamond_cutter, minmay_misc_feat_rugged
D:4:      layout_basic, uniq_edmund
D:5:      layout_basic, overflow_temple_1_default,
          gammafunk_temple_overflow_pools, serial_shops, shop

Skill      XL: |  1  2  3 |
---------------+----------+-----
Fighting       | 3 |  3.0
Stealth        | 8 |  8.1
Armour         | 1 |  1.2
Long Blades    | |  2.7
Dodging        | |  2.7

Action                   |  1- 3 |  4- 6 || total
-------------------------+-------+-------++-------
Melee: Falchion          |   112 |    27 ||   139
       Bite              |     5 |     4 ||     9
       Punch             |     1 |       ||     1
  Use: Scroll            |     2 |       ||     2
 Stab: Sleeping          |     2 |       ||     2
Armor: Leather armour    |    45 |     6 ||    51
Dodge: Dodged            |   111 |    16 ||   127
